 Dungeon Crawl Stone Soup version 0.29-a0-813-g4a14ea37d6 (webtiles) character file.

Game seed: 10007876932703527971

90 gobodom the Insei (level 4, 0/28 HPs)
             Began as an Octopode Transmuter on July 4, 2022.
             Slain by an iguana (13 damage)
             ... on level 5 of the Dungeon.
             The game lasted 00:07:07 (2868 turns).

gobodom the Insei (Octopode Transmuter)             Turns: 2868, Time: 00:07:07

Health: 0/28       AC:  1    Str: 11    XL:     4   Next: 56%
Magic:  7/8        EV: 13    Int: 15    God:
Gold:   1137       SH:  0    Dex: 12    Spells: 5/8 levels left

rFire   . . .      SeeInvis .     - Unarmed
rCold   . . .      Faith    .   (no shield)
rNeg    . . .      Spirit   .   (helmet currently unavailable)
rPois   .          Reflect  .   (no amulet)
rElec   .          Harm     .   e - ring of wizardry
rCorr   .          Rampage  .   (no ring)
Will    .....                   (no ring)
Stlth   +++.......              (no ring)
HPRegen 0.09/turn               (no ring)
MPRegen 0.11/turn               (no ring)
                                (no ring)
                                (no ring)

@: appendages
A: tentacle spike 3, almost no armour, amphibious, 8 rings, camouflage 1,
gelatinous body 1, (nimble swimmer 1), tentacles
a: End Transformation


You were on level 5 of the Dungeon.
One of your tentacles had grown a beastly spike.
You visited 1 branch of the dungeon, and saw 5 of its levels.

You collected 1137 gold pieces.

Inventory:

Jewellery
 e - a ring of wizardry (left tentacle)
Scrolls
 d - 3 scrolls of blinking
 h - a scroll of enchant armour {unknown}
 l - a scroll of poison {unknown}
 n - 2 scrolls of fog
 p - a scroll of magic mapping {unknown}
Potions
 a - 2 potions of lignification
 j - a potion of mutation
 k - a potion of flight
 m - a potion of might
 o - 2 potions of curing {unknown}
 q - 2 potions of heal wounds {unknown}


   Skills:
 + Level 1.1 Fighting
 + Level 2.3 Dodging
 + Level 2.1 Stealth
 + Level 3.5 Unarmed Combat
 + Level 2.9 Spellcasting
 + Level 2.7 Transmutations


You had 5 spell levels left.
You knew the following spells:

 Your Spells              Type           Power      Damage    Failure   Level
a - Beastly Appendage     Tmut           20%        N/A       2%          1
b - Wereblood             Tmut           10%        N/A       4%          2

Your spell library contained the following spells:

 Spells                   Type           Power      Damage    Failure   Level
 Foxfire                  Conj/Fire      8%         2x1d4     9%          1
 Ensorcelled Hibernation  Hex/Ice        4%         N/A       12%         2
 Spider Form              Tmut/Pois      6%         N/A       14%         3
 Conjure Flame            Conj/Fire      2%         6-21      24%         3
 Inner Flame              Hex/Fire       2%         N/A       24%         3
 Ice Form                 Ice/Tmut       6%         N/A       41%         4
 Anguish                  Hex/Necr       1%         N/A       58%         4
 Flame Wave               Conj/Fire      2%         2d4       58%         4


Dungeon Overview and Level Annotations

Branches:
Dungeon (6/15)
 Temple: D:4-7

Altars:


Innate Abilities, Weirdness & Mutations

One of your tentacles has grown a beastly spike.
You cannot wear most types of armour.
You are amphibious.
You can wear up to eight rings at the same time.
Your skin changes colour to match your surroundings (Stealth+).
Your rubbery body absorbs attacks. (AC +1, EV +1)
((You are camouflaged when in or above water. (Stealth+)))
You have tentacles for arms and can constrict up to eight enemies at once.


Message History

It is a scroll of amnesia.
Really abort (and waste the scroll)? [Y]es or [N]o only, please.
Really abort (and waste the scroll)?
Okay, then.
As you read the scroll labelled XAUMUINAIZ, it crumbles to dust.
It is a scroll of enchant weapon.
You aren't carrying any weapons that can be enchanted.
Your surroundings suddenly seem different.
Found a scroll of identify.
b - a scroll of identify
As you read the scroll of identify, it crumbles to dust.
m - a potion of might This is a scroll of acquirement!
Something appears before you!
You now have 1137 gold pieces (gained 1023).
An orc comes into view. It is wielding a +0 mace.
There is a stone staircase leading down here.
You climb downwards.
There is a stone staircase leading up here. 2 sky beasts come into view.
Found a glowing grey potion.
There is a stone staircase leading up here.
You climb upwards.
You hear the sound of rushing water.
There is an entrance to a sewer on this level.
Hurry and find it before the portal rusts away!
You hear the slow rusting of a drain nearby.
The iguana bites you!
Ouch! That really hurt!
There is a stone staircase leading down, spattered with blood here.
The iguana attacks as you move away! The iguana bites you.
You are too injured to fight recklessly!
Casting: Beastly Appendage (safe; 2% risk of failure)
Confirm with . or Enter, or press ? or * to list all spells.
One of your tentacles grows a vicious spike.
The iguana closely misses you.
You tentacle-slap the iguana. Your grab misses the iguana.
The iguana is lightly wounded.
The iguana bites you!
You die...

#..## ..
###..###....
###...>.....#
###...##.###.##
######...####.#
.# ###......###
#.###.#
....######
#..#..# .####
##l..# ## #@.##
#....# ..##.#
#.## .# #. # ..
.. ..#


You could see an iguana.

Vanquished Creatures
  3 adders
  2 worms
  A dart slug (D:1)
  6 bats
  5 endoplasms
  2 giant cockroaches
  5 hobgoblins
  2 quokkas (D:1)
  4 ball pythons
  3 frilled lizards (D:2)
  7 goblins
  6 kobolds
  5 rats
51 creatures vanquished.

Notes
Turn   | Place    | Note
-------+----------+-------------------------------------------
     0 | D:1      | gobodom the Octopode Transmuter began the quest for the
                  | Orb.
     0 | D:1      | Reached XP level 1. HP: 13/13 MP: 3/3
   166 | D:1      | Reached XP level 2. HP: 4/18 MP: 3/5
   170 | D:1      | Reached skill level 1 in Stealth
   840 | D:1      | Reached XP level 3. HP: 14/23 MP: 6/6
   966 | D:1      | Found a faded altar of an unknown god.
  1707 | D:2      | Learned a level 2 spell: Wereblood
  1768 | D:2      | Reached XP level 4. HP: 27/28 MP: 6/8
  2774 | D:3      | You fall into a shaft and drop 3 floors!
  2809 | D:5      | Entered Level 5 of the Dungeon
  2825 | D:5      | Identified a scroll of acquirement
  2825 | D:5      | Acquired 1023 gold pieces
  2852 | D:6      | Noticed a sky beast
  2852 | D:6      | Noticed a sky beast
  2868 | D:5      | Slain by an iguana

Illustrated notes

Levels and vault maps discovered:
D:1:      dpeg_arrival_stonehenge_8_columns, layout_basic,
          shapermc_ecumenical_altar_acropolis, minivault_19
D:2:      layout_loops_ring, minmay_misc_feat_chi, minivault_24
D:3:      layout_rooms, minmay_between, uniq_crazy_yiuf_cottage
D:5:      layout_rooms, biasface_ghost_orc_armoury,
          cheibrodos_sewer_entry_drain, dk_noncrumbling_3
D:6:      layout_cave_pools, nicolae_ru_sacrificial_ziggurat,
          makhleb_heckhound_becter, minmay_temple_entry_enclosed_plants

Skill      XL: |  1  2  3 |
---------------+----------+-----
Stealth        | 1 2 |  2.1
Fighting       | |  1.1
Dodging        | |  2.3
Unarmed Combat | |  3.5
Spellcasting   | |  2.9
Transmutations | |  2.7

Action                   |  1- 3 |  4- 6 || total
-------------------------+-------+-------++-------
Melee: Unarmed           |    72 |    35 ||   107
       Constrict         |    20 |    10 ||    30
       Kick              |    18 |     6 ||    24
       Tentacles         |     9 |     2 ||    11
       Punch             |     3 |     1 ||     4
 Cast: Beastly Appendage |    21 |    13 ||    34
       Wereblood         |       |     2 ||     2
  Use: Scroll            |       |     9 ||     9
 Stab: Sleeping          |     9 |     4 ||    13
Armor: Skin              |     5 |     3 ||     8
Dodge: Dodged            |    57 |    22 ||    79

Table legend: (Time is in decaauts)
 A = Elapsed time spent in this place.
 B = Non-inter-level travel time spent in this place.
 C = Inter-level travel time spent in this place.
 D = Time resting spent in this place.
 E = Time spent auto-exploring this place.
 F = Levels seen in this place.
 G = Mean time per level.
                   A        B        C        D        E       F      G
               +--------+--------+--------+--------+--------+-----+--------+
         Total |   2861 |   2819 |     42 |      0 |   2331 |   5 |  572.2 |
       Dungeon |   2861 |   2819 |     42 |      0 |   2331 |   5 |  572.2 |
               +--------+--------+--------+--------+--------+-----+--------+

Top non-repeatable levels by time:
     D:1: 1246 daAuts
     D:2: 1065 daAuts
     D:3: 455 daAuts
     D:6: 51 daAuts
     D:5: 43 daAuts
